 Dungeon Crawl Stone Soup version 0.31-a0-1597-ge7908ec (webtiles) character file.

Game seed: 5886348164021341938

61 PidgeyThePirate the Ruffian (level 4, -9/38 HPs)
             Began as a Ghoul Monk on Jan 7, 2024.
             Was a Priest of Makhleb.
             Mangled by Crazy Yiuf
             ... wielding a +3 quarterstaff of chaos
              (14 damage)
             ... on level 2 of the Dungeon.
             The game lasted 00:03:37 (1712 turns).

PidgeyThePirate the Ruffian (Ghoul Monk)            Turns: 1712, Time: 00:03:38

Health: -9/38      AC:  9    Str: 16    XL:     4   Next: 7%
Magic:  4/4        EV:  6    Int:  9    God:    Makhleb [***...]
Gold:   88         SH:  0    Dex: 11    Spells: 3/3 levels left

rFire   . .          .
                       - Unarmed
rCold   + . .        c - orb {light}
rNeg    + + +        e - +0 ring mail
rPois   ∞            (no helmet)
rElec   .            (no cloak)
rCorr   .            (no gloves)
SInv    .            (no boots)
Will    .....        (no amulet) Stlth
                     k - +4 ring of protection
HPRegen 0.00/turn    (no ring)
MPRegen 0.09/turn

%: no passive effects
@: confused, petrifying, ambrosia-drunk, fragile (+50% incoming damage),
inhibited regen, glowing, very slow
A: claws 1, cold resistance 1, negative energy resistance 3, inhibited
regeneration, torment resistance 2, devour on kill
a: Renounce Religion, Minor Destruction, Lesser Servant of Makhleb


You were on level 2 of the Dungeon.
You worshipped Makhleb.
Makhleb was most pleased with you.
You visited 1 branch of the dungeon, and saw 2 of its levels.

You collected 88 gold pieces.

Inventory:

Armour
 a - a +0 robe
 c - an orb of light (worn)
 e - a +0 ring mail (worn)
Jewellery
 k - a +4 ring of protection (left claw)
Scrolls
 d - a scroll of brand weapon {unknown}
 g - 2 scrolls of enchant weapon {unknown}
 h - 2 scrolls of teleportation {unknown}
 i - 2 scrolls of identify {unknown}
 j - a scroll of amnesia {unknown}
Potions
 b - 2 potions of ambrosia
 f - 2 potions of curing


   Skills:
 + Level 3.5 Fighting
 + Level 0.5 Armour
 + Level 3.1 Dodging
 * Level 4.5 Unarmed Combat


You had 3 spell levels left.
You didn't know any spells.
Your spell library was empty.

Dungeon Overview and Level Annotations

Branches:
Dungeon (2/15)

Altars:
Makhleb

Annotations:
D:2 Crazy Yiuf


Innate Abilities, Weirdness & Mutations

You are immune to poison.
You have sharp fingernails.
Your flesh is cold resistant. (rC+)
You are immune to negative energy. (rN+++)
You do not regenerate when monsters are visible.
You are immune to unholy pain and torment.
You thrive by killing the living.


Message History

You barely miss Crazy Yiuf.
Crazy Yiuf yells, "Action!"
Crazy Yiuf barely misses you.
You barely miss Crazy Yiuf. Crazy Yiuf hits you but does no damage.
You scratch Crazy Yiuf but do no damage.
Crazy Yiuf hits you with a +3 quarterstaff of chaos.
You feel your power leaking away.
You completely miss Crazy Yiuf.
Crazy Yiuf whimpers, "Two unthinkable fast!"
Crazy Yiuf hits you with a +3 quarterstaff of chaos!
Crazy Yiuf burns you.
You scratch Crazy Yiuf but do no damage.
You scratch Crazy Yiuf.
Crazy Yiuf is lightly wounded.
Crazy Yiuf hits you with a +3 quarterstaff of chaos.
You barely miss Crazy Yiuf.
Crazy Yiuf is lightly wounded.
Crazy Yiuf hits you with a +3 quarterstaff of chaos!
* * * LOW HITPOINT WARNING * * *
It was a potion of curing.
You feel better. Crazy Yiuf closely misses you.
You are confused.
You feel invigorated.
Crazy Yiuf grits, "Action song ragdoll!"
Crazy Yiuf barely misses you.
You bump into the rock wall.
Crazy Yiuf hits you with a +3 quarterstaff of chaos.
Your body becomes as fragile as glass!
You bump into the rock wall.
Crazy Yiuf closely misses you.
You barely miss Crazy Yiuf.
Crazy Yiuf is lightly wounded.
Crazy Yiuf hits you with a +3 quarterstaff of chaos.
You are slowing down.
You claw Crazy Yiuf!
Crazy Yiuf is heavily wounded.
Crazy Yiuf hits you with a +3 quarterstaff of chaos.
Crazy Yiuf burns you.
Crazy Yiuf hits you with a +3 quarterstaff of chaos!
* * * LOW HITPOINT WARNING * * *
You convulse!
You die...

#....####
#.#......
#....#
#........
#....#
#########
##...#
##########
##.##
#........#
##.#
########.#
#.## #.#
##.# #.#
#@## #.###
#g# #...†
... #####
#...# #)..#
#####
############
#...........
############


You could see Crazy Yiuf.

Vanquished Creatures
  An adder (D:2)
  A dart slug (D:1)
  3 ball pythons (D:1)
  3 endoplasms
  4 giant cockroaches
  5 goblins
  2 hobgoblins (D:1)
  8 jackals
  3 kobolds (D:2)
  A quokka (D:1)
  7 bats
  3 frilled lizards
  4 rats
45 creatures vanquished.

Notes
Turn   | Place    | Note
-------+----------+-------------------------------------------
     0 | D:1      | PidgeyThePirate the Ghoul Monk began the quest for the Orb.
     0 | D:1      | Reached XP level 1. HP: 19/19 MP: 1/1
   210 | D:1      | Reached XP level 2. HP: 21/26 MP: 2/2
   604 | D:1      | Reached XP level 3. HP: 31/31 MP: 3/3
   950 | D:2      | Reached skill level 4 in Unarmed Combat
  1011 | D:2      | Found a faded altar of an unknown god.
  1042 | D:2      | Prayed at the altar of an unknown god.
  1042 | D:2      | Became a worshipper of Makhleb the Destroyer
  1042 | D:2      | Reached * piety under Makhleb
  1042 | D:2      | Reached ** piety under Makhleb
  1160 | D:2      | Reached *** piety under Makhleb
  1272 | D:2      | Found a runed translucent door.
  1273 | D:2      | Noticed Crazy Yiuf
  1315 | D:2      | Reached XP level 4. HP: 37/38 MP: 4/4
  1712 | D:2      | Mangled by Crazy Yiuf

Illustrated notes

Levels and vault maps discovered:
D:1:      minmay_arrival_split_and_join, layout_loops_ring
D:2:      layout_loops_ring, shapermc_ecumenical_altar_pompeii,
          minmay_misc_feat_ornament, uniq_crazy_yiuf_cottage

Skill      XL: |  1  2  3 |
---------------+----------+-----
Dodging        | 3 |  3.1
Unarmed Combat | 4 |  4.5
Fighting       | |  3.5
Armour         | |  0.5

Action                     |  1- 3 |  4- 6 || total
---------------------------+-------+-------++-------
  Melee: Unarmed           |   101 |    15 ||   116
    Use: Potion            |       |     2 ||     2
 Armour: Robe              |     7 |       ||     7
         Ring mail         |    60 |    11 ||    71
  Dodge: Dodged            |    90 |     9 ||    99

Table legend: (Time is in decaauts)
 A = Elapsed time spent in this place.
 B = Non-inter-level travel time spent in this place.
 C = Inter-level travel time spent in this place.
 D = Time resting spent in this place.
 E = Time spent auto-exploring this place.
 F = Levels seen in this place.
 G = Mean time per level.
                   A        B        C        D        E       F      G
               +--------+--------+--------+--------+--------+-----+--------+
         Total |   1702 |   1610 |     92 |      0 |   1269 |   2 |  851.0 |
       Dungeon |   1702 |   1610 |     92 |      0 |   1269 |   2 |  851.0 |
               +--------+--------+--------+--------+--------+-----+--------+

Top non-repeatable levels by time:
     D:1: 883 daAuts
     D:2: 819 daAuts
